Cogmind - Beta 12 @@@ ROGUE MODE // 2023.06.03 @ 00:52:20 Player: LustLizard Result: Self-destructed Performance ------------- Evolutions (0) 0 Regions Visited (4) 800 Robots Destroyed (13) 65 Value Destroyed (366) 366 Prototype IDs (0) 0 Alien Tech Used (0) 0 Bonus (76) 76 TOTAL SCORE: 1307 Bonus ------- Follower Combat Kills 89 Friendly Fire -13 Cogmind --------- Core Integrity 110/250 Matter 285/300 Energy 250/250 System Corruption 0% Temperature Cool (0) Movement Treading (240) Ox1 Location -9/Mines Parts ------- > --- POWER (1) -------- Ion Engine > --- PROPULSION (2) --- Light Treads > --- UTILITY (2) ------ Large Storage Unit Structural Scanner > --- WEAPON (2) ------- (None) > --- INVENTORY (15) --- Ion Engine Light Treads Light Treads Light Treads Aluminum Leg Aluminum Leg Aluminum Leg Improved Heat Sink Disposable Heat Sink Disposable Heat Sink Large Storage Unit Large Matter Pod (150) Light Armor Plating Autogun Autogun Peak State ------------ > --- POWER ------------ Ion Engine > --- PROPULSION ------- Light Treads Light Treads > --- UTILITY ---------- Large Storage Unit Structural Scanner > --- WEAPON ----------- Autogun Autogun > --- INVENTORY -------- Ion Engine Light Treads Light Treads Light Treads Aluminum Leg Aluminum Leg Aluminum Leg Aluminum Leg Improved Heat Sink Disposable Heat Sink Disposable Heat Sink Large Storage Unit Large Matter Pod Autogun Autogun [Rating: 11] Favorites ----------- Power Ion Engine Engine Ion Engine Propulsion Light Treads Treads Light Treads Wheel Wheel Utility Structural Scanner Device Structural Scanner Storage Large Storage Unit Weapon Autogun Ballistic Gun Autogun Build | -11 -10 -10 -10 -9 ------- Run | Jun Mat Min Exi Min Slots Evolved . | . . . . . Power . | . . . . . Propulsion . | . . . . . Utility . | . . . . . Weapon . | . . . . . Parts Attached 26 | 6 15 5 . . Power 3 | 1 2 . . . Engine 3 | 1 2 . . . Core . | . . . . . Reactor . | . . . . . Propulsion 9 | 2 4 3 . . Treads 7 | 1 3 3 . . Leg . | . . . . . Wheel 2 | 1 1 . . . Hover . | . . . . . Flight . | . . . . . Utility 6 | 1 5 . . . Device 1 | . 1 . . . Storage 5 | 1 4 . . . Processor . | . . . . . Hackware . | . . . . . Protection . | . . . . . Artifact . | . . . . . Weapon 8 | 2 4 2 . . Energy Gun . | . . . . . Energy Cannon . | . . . . . Ballistic Gun 8 | 2 4 2 . . Ballistic Cannon . | . . . . . Launcher . | . . . . . Special Weapon . | . . . . . Impact Weapon . | . . . . . Slashing Weapon . | . . . . . Piercing Weapon . | . . . . . Special Melee Weapon . | . . . . . Unidentified Prototypes . | . . . . . Parts Lost 5 | . 2 . . 3 Power 1 | . 1 . . . Propulsion 2 | . 1 . . 1 Utility . | . . . . . Weapon 2 | . . . . 2 Highest Loss Streak 3 | . 2 . . 3 To Critical Strikes . | . . . . . Average Slot Usage (%) 99 | . 97 100 100 89 Engine 13 | . 13 14 14 14 Treads 24 | . 17 28 28 24 Wheel 3 | . 9 . . . Device 13 | . 11 14 14 14 Storage 14 | . 16 14 14 14 Ballistic Gun 27 | . 26 28 28 21 Naked Turns . | . . . . . Heaviest Build 32 | 14 32 32 32 32 Greatest Support 40 | 10 40 40 40 40 Greatest Overweight (x) 8 | 1 8 . . 1 Average Overweight (x) . | . . . . . Largest Inventory Capacity 15 | 8 15 15 15 15 Average Capacity 13 | 6 11 15 15 15 Most Carried 15 | 6 15 15 15 15 Average Carried 13 | 4 10 14 15 15 Final Capacity 15 | 8 15 15 15 15 Final Carried 15 | 6 15 15 15 15 Class Distribution -------------------- 100% | Mutant Dominant Class ---------------- Mutant | -10/Materials Mutant | -10/Mines Mutant | -10/Exiles Mutant | -9/Mines Resources | -11 -10 -10 -10 -9 ----------- Run | Jun Mat Min Exi Min Matter Collected 910 | 184 405 321 . . Remotely . | . . . . . Salvage Created 375 | . 215 153 . 7 Parts 24 | . 14 10 . . Haulers Intercepted . | . . . . . Recyclers Shooed . | . . . . . Parts Field Recycled . | . . . . . Retrieved Matter . | . . . . . Parts Self-Destructed . | . . . . . Prevented . | . . . . . Kills | -11 -10 -10 -10 -9 ------- Run | Jun Mat Min Exi Min Combat Hostiles Destroyed 12 | . 8 3 . 1 Guns 9 | . 5 3 . 1 AOE 3 | . 3 . . . Classes Destroyed 5 | . 3 1 . 1 Builder 1 | . . 1 . . Watcher 1 | . 1 . . . Swarmer 3 | . 3 . . . Grunt 8 | . 5 3 . . Assembled 1 | . . . . 1 Best Kill Streak 5 | . 5 1 . 1 Combat Bots Only 4 | . 4 1 . 1 Max Kills in Single Turn 4 | . 4 1 . 1 Gunslinging . | . . . . . Exploded 3 | . 3 . . . Melee . | . . . . . Uniques/NPCs Destroyed . | . . . . . Combat | -11 -10 -10 -10 -9 -------- Run | Jun Mat Min Exi Min Damage Taken 1014 | . 373 156 . 485 Core 140 | . 46 22 . 72 Absorbed by Shields . | . . . . . Core Remaining (%) 100 | 100 . . . . Volleys Fired 46 | . 28 13 . 5 Largest 2 | . 2 2 . 2 Hottest 46 | . 46 46 . 46 Shots Fired 92 | . 56 26 . 10 Gun 92 | . 56 26 . 10 Cannon . | . . . . . Launcher . | . . . . . Special . | . . . . . Kinetic 92 | . 56 26 . 10 Thermal . | . . . . . Explosive . | . . . . . Electromagnetic . | . . . . . Robot Hit Streak 8 | . 6 8 . 3 Robot Miss Streak 7 | . 4 1 . 7 Penetration Max . | . . . . . Secondary Targets 1 | . 1 . . . Max Gunslinging Chain 1 | . 1 . . . Shots Hit Robots 45 | . 24 18 . 3 Core Hits 20 | . 11 7 . 2 Critical Kills . | . . . . . Critical Parts Destroyed 1 | . 1 . . . Critical Strikes 1 | . 1 . . . Destroy 1 | . 1 . . . Melee Attacks . | . . . . . Impact . | . . . . . Slashing . | . . . . . Piercing . | . . . . . Sneak Attacks . | . . . . . Combat Hostiles . | . . . . . Follow-up Attacks . | . . . . . Damage Inflicted 1096 | . 781 271 . 44 Guns 698 | . 383 271 . 44 Cannons . | . . . . . Explosions 398 | . 398 . . . Melee . | . . . . . Ramming . | . . . . . Kinetic 698 | . 383 271 . 44 Thermal . | . . . . . Explosive 398 | . 398 . . . Electromagnetic . | . . . . . Impact . | . . . . . Slashing . | . . . . . Piercing . | . . . . . Highest Corruption . | . . . . . Average Corruption . | . . . . . Corruption Purged . | . . . . . Corruption Blocked . | . . . . . Overload Shots . | . . . . . Overflow Damage 24 | . 24 . . . Projectiles . | . . . . . Explosions 24 | . 24 . . . Melee . | . . . . . Knockbacks . | . . . . . Impact . | . . . . . Kinetic . | . . . . . Secondary . | . . . . . Self-Inflicted Damage 63 | . 63 . . . Shots 1 | . 1 . . . Rammed . | . . . . . Targets Rammed . | . . . . . Kicked . | . . . . . Crushed . | . . . . . Highest Temperature 30 | . 26 30 . . Average Temperature 9 | . 10 8 . . Received Heat Transfer 230 | . 132 78 . 20 Siege Activations . | . . . . . Robots Corrupted . | . . . . . Combat Hostiles . | . . . . . Parts Fried . | . . . . . Impact Corruptions . | . . . . . Robots Melted . | . . . . . Combat Hostiles . | . . . . . Parts Melted 2 | . . 2 . . Heat Transferred . | . . . . . Parts Sabotaged . | . . . . . Parts Stolen . | . . . . . Parts Stripped . | . . . . . Power Chain Reactions . | . . . . . Missiles Intercepted . | . . . . . Alert | -11 -10 -10 -10 -9 ------- Run | Jun Mat Min Exi Min Peak Influence 196 | . 196 141 . 66 Initial 76 | . . 76 . . Average 72 | . 103 57 . 26 Maximum Alert Level . | . . . . . Low Security (%) 100 | 100 100 100 . 100 Level 1 . | . . . . . Level 2 . | . . . . . Level 3 . | . . . . . Level 4 . | . . . . . Level 5 . | . . . . . High Security . | . . . . . Max Security . | . . . . . Squads Dispatched 1 | . 1 . . . Investigation 1 | . 1 . . . Extermination . | . . . . . Reinforcement . | . . . . . Assault . | . . . . . Garrison . | . . . . . Intercept . | . . . . . Searches Triggered . | . . . . . Construction Impeded . | . . . . . Haulers Reinforced . | . . . . . Active Scanning Responses . | . . . . . Cargo Convoy Interrupts . | . . . . . Stealth | -11 -10 -10 -10 -9 --------- Run | Jun Mat Min Exi Min Distress Signals 1 | . 1 . . . Communications Jammed . | . . . . . Distress Signals . | . . . . . Times Spotted 38 | . 16 6 . 16 Peak Tracking Total 8 | . 6 2 . 8 Tactical Retreats 2 | . 1 1 . . Traps | -11 -10 -10 -10 -9 ------- Run | Jun Mat Min Exi Min Traps Triggered 4 | . 4 . . . Indirectly . | . . . . . Trap Hack Attempts . | . . . . . Triggered . | . . . . . Disarmed . | . . . . . Reprogrammed . | . . . . . Reused . | . . . . . Traps Extracted . | . . . . . Installed . | . . . . . Triggered . | . . . . . Machines | -11 -10 -10 -10 -9 ---------- Run | Jun Mat Min Exi Min Machines Disabled 3 | . 3 . . . Max in Single Turn 2 | . 2 . . . Machines Repaired . | . . . . . Machines Sabotaged . | . . . . . Overloaded Fab Kills . | . . . . . Hacking | -11 -10 -10 -10 -9 --------- Run | Jun Mat Min Exi Min Machines Accessed 4 | . 3 . 1 . Terminals 3 | . 3 . . . Fabricators . | . . . . . Repair Stations . | . . . . . Recycling Units . | . . . . . Scanalyzers . | . . . . . Garrison Access . | . . . . . Total Hacks 8 | . 7 . 1 . Successful 3 | . 2 . 1 . Failed 4 | . 4 . . . Catastrophic 3 | . 3 . . . Database Lockouts 1 | . 1 . . . Manual 8 | . 8 . . . Terminals 7 | . 7 . . . Fabricators . | . . . . . Repair Stations . | . . . . . Recycling Units . | . . . . . Scanalyzers . | . . . . . Garrison Access . | . . . . . Terminal Hacks 3 | . 2 . 1 . Record 1 | . . . 1 . Robot Analysis 1 | . 1 . . . Branch Access Points 1 | . 1 . . . Fabricator Hacks . | . . . . . Repair Station Hacks . | . . . . . Recycling Unit Hacks . | . . . . . Scanalyzer . | . . . . . Garrison Access Hacks . | . . . . . Unauthorized Hacks . | . . . . . Terminals . | . . . . . Fabricators . | . . . . . Repair Stations . | . . . . . Recycling Units . | . . . . . Scanalyzers . | . . . . . Garrison Access . | . . . . . Data Cores Recovered . | . . . . . Used . | . . . . . Hacking Detections 2 | . 2 . . . Full Trace Events . | . . . . . Feedback Events . | . . . . . Feedback Blocked . | . . . . . Robot Schematics Acquired . | . . . . . Robots Built . | . . . . . Authchips . | . . . . . Time . | . . . . . Total Robot Build Rating . | . . . . . Part Schematics Acquired . | . . . . . Parts Built . | . . . . . Authchips . | . . . . . Time . | . . . . . Total Part Build Rating . | . . . . . Parts Repaired . | . . . . . Time . | . . . . . Parts Recycled . | . . . . . Recycled Matter . | . . . . . Retrieved Matter . | . . . . . Retrieved Components . | . . . . . Parts Scanalyzed . | . . . . . Part Schematics Acquired . | . . . . . Parts Damaged . | . . . . . Bothacking | -11 -10 -10 -10 -9 ------------ Run | Jun Mat Min Exi Min Used RIF Installer . | . . . . . Robots Hacked . | . . . . . Non-combat . | . . . . . Combat . | . . . . . Robot Hacks Applied . | . . . . . Relay Couplers Released . | . . . . . Fabnet Peak Effective % . | . . . . . Robots Rewired . | . . . . . Allies Hacked . | . . . . . Hacks Repelled . | . . . . . Allies | -11 -10 -10 -10 -9 -------- Run | Jun Mat Min Exi Min Total Allies 3 | . . 3 . . Largest Group 3 | . . 3 2 2 Highest-Rated Group 40 | . . 40 24 24 Highest-Rated Ally 16 | . . 16 16 16 Total Orders . | . . . . . Ally Attacks 36 | . . 27 . 9 Total Damage 331 | . . 259 . 72 Kills 5 | . . 2 . 3 Allies Corrupted . | . . . . . Allies Melted . | . . . . . Intel | -11 -10 -10 -10 -9 ------- Run | Jun Mat Min Exi Min Robot Analysis Total 1 | . 1 . . . Derelict Logs Recovered 2 | . . 2 . . Drone Launches . | . . . . . Drone Recoveries . | . . . . . Exploration | -11 -10 -10 -10 -9 ------------- Run | Jun Mat Min Exi Min Turns Passed 2450 | 53 756 1248 359 34 Spaces Moved 1380 | 47 365 732 225 11 Core 11 | 10 1 . . . Treads 1272 | . 304 732 225 11 Legs . | . . . . . Wheels 97 | 37 60 . . . Hover . | . . . . . Flight . | . . . . . Fastest Speed 50 | 50 95 160 160 160 Average Speed 161 | 80 176 160 160 167 Slowest Speed 450 | 95 450 160 160 240 Overloaded Moves . | . . . . . Propulsion Burnouts . | . . . . . Robots Hopped . | . . . . . Cave-ins Triggered . | . . . . . Exploration Rate (%) 45 | 3 58 96 62 9 Regions Visited 4 Branch Regions 3 Pre-discovered Areas . | . . . . . Known Exits Taken 1 | . 1 . . . Unknown Exits Taken 3 | 1 . 1 1 . Scrap Searched 3 | . . 3 . . Spaces Dug . | . . . . . Terrain Destroyed 60 | . 60 . . . Melee . | . . . . . Projectile . | . . . . . AOE 60 | . 60 . . . Terrain Rammed . | . . . . . Walls Destroyed . | . . . . . Machines Disabled . | . . . . . Actions | -11 -10 -10 -10 -9 --------- Run | Jun Mat Min Exi Min Total 1518 | 58 430 790 224 16 Wait 34 | . 2 32 . . Move 1376 | 46 364 731 224 11 Hop . | . . . . . Pick Up 21 | 6 12 3 . . Fast Attach 17 | 6 9 2 . . Attach 4 | . 2 2 . . Detach 1 | . 1 . . . Swap 5 | . 4 1 . . Drop 14 | . 8 6 . . Fire 46 | . 28 13 . 5 Melee . | . . . . . Ram . | . . . . . Kick . | . . . . . Crush . | . . . . . Escape Stasis . | . . . . . Rewire . | . . . . . Trap . | . . . . . Miscellaneous . | . . . . . Route ------- -11/Junkyard -10/Materials (discovered 4 exits: [*Mat x2] / *Min x2) -10/Mines (discovered 3 exits: [*Mat x2] / *Exi) -10/Exiles -9/Mines History --------- Turn | Location | Event 6 | -11/Junkyard | Discovered new exit (range 15) 54 | -11/Junkyard | Entered Materials 251 | -10/Materials | Discovered new exit (range 16) 313 | -10/Materials | Build established: Mutant 690 | -10/Materials | Central database locked down 711 | -10/Materials | Discovered new exit (range 3) 712 | -10/Materials | Discovered new exit (range 15) 741 | -10/Materials | Identified exit to Mines 810 | -10/Materials | Entered Mines 931 | -10/Mines | Learned Materials emergency access door positions 949 | -10/Mines | Assisted by bots powering up and referring to "LRC-V3" 1160 | -10/Mines | Discovered new exit (range 7) 1195 | -10/Mines | Discovered new exit (range 8) 1238 | -10/Mines | Deemed a non-threat by the Exiles lab entrance 1238 | -10/Mines | Discovered new exit (range 6) 1347 | -10/Mines | Joined a pair of Derelicts in attacking an 0b10 outpost 1509 | -10/Mines | Learned location of 2 exits from Materials 1611 | -10/Mines | YI-UF0 nonchalantly dropped a Grenade Launcher on the ground 2058 | -10/Mines | Entered Exiles 2058 | -10/Exiles | Found Exiles lab abandoned 2058 | -10/Exiles | Accompanied by 2 allies 2402 | -10/Exiles | Discovered new exit (range 10) 2417 | -10/Exiles | Entered Mines 2417 | -9/Mines | Accompanied by 2 allies 2418 | -9/Mines | Assembled infested the area 2423 | -9/Mines | Assisted by a Guerilla fighting off Assembled 2446 | -9/Mines | Core integrity fell below 50% 2451 | -9/Mines | Self-destructed Last Messages --------------- 02442_ U-05 Engineer destroyed. 02443_ as-74535 destroyed. 02443_ as-98392 destroyed. 02443_ as-85872 destroyed. 02443_ Lgt. Treads destroyed. 02444_ The unstable cave ceiling collapses. 02444_ HV Slug penetrates D-53 Grenadier. 02444_ D-53 Grenadier knocked back. 02445_ U-05 Engineer builds a Wall. 02445_ as-66659 destroyed. 02446_ HV Slug penetrates D-53 Grenadier. 02446_ D-53 Grenadier knocked back. 02447_ Hvy. Assault Rifle destroyed. 02447_ as-61922 destroyed. 02447_ U-05 Engineer destroyed. 02448_ The unstable cave ceiling collapses. 02450_ HV Slug penetrates D-53 Grenadier. 02450_ D-53 Grenadier suffers critical hit (Destroy). 02450_ D-53 Grenadier knocked back. 02451_ The unstable cave ceiling collapses. Map ----- +----------------------------------------------------+ | | | | | | | ?????????????????????????????????????????????????? | | ?????????????????????????????????????????????????? | | ?????????????????????????????????????????????????? | | ?????????????????????????????????????????????????? | | ?????????????????????????????????????????????????? | | ?????????????????????????????????????????????????? | | ?????????????????????????????????????????????????? | | ?????????????????????????????????????????????????? | | ?????????????????????????????????????????????????? | | ?????????????????????????????????????????????????? | | ???????????????? ###?????????????????????????????? | | ?????????????? ##?????????????????????????????? | | ????????????? #?????????????????????????????? | | ????????????? ?????????????????????????????? | | ?????????????? ?????????????????????????????? | | ????????????? ?????????????????????? | | ??????????????? ##### ????????????????????? | | ???????????????## # #####???????????????????? | | ???????????????### ###???????????????????? | | ????????????????### # ####?????????????????? | | ?????????????????### # ####### ##??????????? | | ??????????????????## ##### ##??????????? | | ?????????????????### # @ #####???????? | | ?????????????????### ##???????? | | ?????????????????## ### ##???????? | | ?????????????????## h d ## ??????????? | | ?????????????????## a d ##???????????? | | ?????????????????## =% ##???????????? | | ?????????????????## # %% [ % ## ???????????? | | ?????????????????## # [ % # #! ???????????? | | ?????????????????## ## ### ???????????? | | ?????????????????## ### ##### ???????????? | | ???????????????????? a ####?? ????????????? | | ???????????????????? ##????? ????????????? | | ????????????????????#####;##????? ?????????????? | | ????????????????????##### ##?????????????????????? | | ???????????????????????#####?????????????????????? | | ???????????????????????#####?????????????????????? | | ?????????????????????????????????????????????????? | | ?????????????????????????????????????????????????? | | ?????????????????????????????????????????????????? | | ?????????????????????????????????????????????????? | | ?????????????????????????????????????????????????? | | ?????????????????????????????????????????????????? | | ?????????????????????????????????????????????????? | | ?????????????????????????????????????????????????? | | ?????????????????????????????????????????????????? | +----------------------------------------------------+ Best States ------------- Heat Dissipation 25 Energy Generation 10 Energy Capacity 250 Matter Stores 300 Matter Capacity 450 Sight Range 16 Terrain Scan Density 10 Evasion (%) 50 Recoil Reduction 2 Item Schematics ----------------- None Robot Schematics ------------------ None Fabricated ------------ Nothing Alien Tech Used ----------------- None Achievements -------------- None Challenges ------------ None Game ------ Seed PointGyrokineticRecalibrator Manual? 0 Play Time 00:15:17 Cumulative 52.1 hours Start 2023.06.03 @ 00:38:09 End 2023.06.03 @ 00:52:20 Sessions 1 Manual Loads 0 Difficulty Rogue Special Mode None Game No. 48 Rogue 48 Adventurer 0 Explorer 0 Win Type - Total 0 Types 0/0/0/0/0/0/0/0/0 Lore% 30 Gallery% 36 Achievement% 29 Wizard Run 0 Options --------- ASCII 0 Keyboard 0 Movement Numpad Keybinds 0 Fullscreen 1 Font 18/SmallcapsGlow Map View 76x50 Tactical HUD 1 Map Filters NONE Filters NONE Steam 1 RUN: eecc57a9-7342-4ac3-b84f-ef349c5f4c7d